 Dungeon Sprint DCSS version 0.25.1-2-g60ff931df9 (webtiles) character file.

Game seed: 15103745985820595704

49 funkygono the Shield-Bearer (level 3, -6/36 HPs)
             Began as a Minotaur Fighter on Sept 5, 2020.
             Drowned by a water elemental (9 damage)
             ... in the Dungeon (Sprint III: "The Ten Rune Challenge").
             The game lasted 00:00:50 (589 turns).

funkygono the Shield-Bearer (Minotaur Fighter)       Turns: 589, Time: 00:00:50

Health: -6/36      AC:  7    Str: 21    XL:     3   Next: 53%
Magic:  2/2        EV:  8    Int:  5    God:
Gold:   8          SH: 10    Dex:  9    Spells: 2/2 levels left

rFire    . . .     SeeInvis .   a - +0 flail
rCold    . . .     Gourm    .   c - +0 kite shield
rNeg     . . .     Faith    .   b - +0 scale mail
rPois    .         Spirit   .   (helmet restricted)
rElec    .         Reflect  .   (no cloak)
rCorr    .         Harm     .   (no gloves)
MR       .....     NoTele   +   (no boots)
Stlth    ..........             (no amulet)
HPRegen  0.12/turn              (no ring)
MPRegen  0.08/turn              (no ring)

@: engulfed (cannot breathe)
A: retaliatory headbutt, horns 2
a: no special abilities


You were in the Dungeon.
You were not hungry.

You visited 1 branch You collected 8 gold pieces.

Inventory:

Hand Weapons
 a - a +0 flail (weapon)
Armour
 b - a +0 scale mail (worn)
 c - a +0 kite shield (worn)
Wands
 m - a wand of flame (9)
Scrolls
 k - a scroll of blinking
 n - a scroll of identify {unknown}
Potions
 d - a potion of might
 e - a potion of curing
 g - a potion of heal wounds
 h - a potion of haste
 i - 2 potions of magic
 j - a potion of berserk rage
Comestibles
 f - a ration


   Skills:
 + Level 5.4 Fighting
 + Level 3.9 Maces & Flails
 + Level 5.7 Armour
 + Level 0.5 Dodging
 + Level 6.0 Shields


You had 2 spell levels left.
You didn't know any spells.
Your spell library was empty.

Dungeon Overview and Level Annotations

Branches:
Dungeon (1/1)

Altars:


Innate Abilities, Weirdness & Mutations

You reflexively headbutt those who attack you in melee.
You have a pair of horns on your head.


Message History

The water elemental moves out of view.
You hit the water elemental but do no damage.
You block the water elemental's attack.
You sock the water elemental! You headbutt the water elemental!
The water elemental is heavily damaged.
You block the water elemental's attack. The water elemental barely misses you.
You hit the water elemental.
You headbutt the water elemental, but do no damage.
The water elemental is severely damaged.
The water elemental hits you!
The water elemental engulfs you in water!
You hit the water elemental but do no damage.
The water elemental is severely damaged.
Your lungs strain for air!
The water elemental hits you!
* * * LOW HITPOINT WARNING * * *
You hit the water elemental but do no damage.
You headbutt the water elemental.
The water elemental is severely damaged.
You die...

▓▓▓ ▓▓▓▓▓▓ ▓▓▓ <.#
+....♣♣ ♣.# ..# #.....♣
♣.# #'####....♣♣♣ ♣.#
.÷...#....≈.♣ ♣♣.###+#+#
.....#...≈≈♣♣♣♣..#......
.....#..≈≈≈≈.♣.♣@E.⌠....
####'#..≈≈≈≈≈≈♣♣.#...###
....[#.≈≈≈≈≈≈....# ⌠.#
.....#.≈≈≈≈≈.....# .#
.....#.≈≈≈.......# #
'#####...........#
.................#
▓▓▓▓▓▓▓▓▓▓▓▓▓▓▓▓▓▓


You could see a water elemental.

Vanquished Creatures
  Jessica (D)
  A human (D)
  A phantom (D)
  3 rats (D)
6 creatures vanquished.

Vanquished Creatures (others)
  2 plants (D)
2 creatures vanquished.

Grand Total: 8 creatures vanquished

Notes
Turn   | Place    | Note
-------+----------+-------------------------------------------
     0 | D        | funkygono the Minotaur Fighter began the quest for the Orb.
     0 | D        | Reached XP level 1. HP: 19/19 MP: 0/0
    15 | D        | Noticed Jessica
    17 | D        | Killed Jessica
    17 | D        | Reached skill level 5 in Fighting
    17 | D        | Reached skill level 5 in Armour
    17 | D        | Reached skill level 5 in Shields
    17 | D        | Reached XP level 2. HP: 14/29 MP: 1/1
   210 | D        | Reached skill level 6 in Shields
   210 | D        | Reached XP level 3. HP: 6/36 MP: 2/2
   583 | D        | Noticed a water elemental
   589 | D        | Drowned by a water elemental

Illustrated notes

Levels and vault maps discovered:
D:        dungeon_sprint_mu [sprint_mu_entry_forest, sprint_mu_temple_rooms,
          sprint_mu_d1_spiders, sprint_mu_d2_genie, sprint_mu_d3_branching,
          sprint_mu_orc_legion, sprint_mu_elf_gauntlet, sprint_mu_hive_nellie,
          sprint_mu_lair_fedhas, sprint_mu_vaults_butterflies,
          sprint_mu_slime_circle, sprint_mu_swamp_cave, sprint_mu_shoals_kraken,
          sprint_mu_blade_basic, sprint_mu_crypt_chambers,
          sprint_mu_tomb_spiral, sprint_mu_vestibule_basic,
          sprint_mu_gehenna_hellfire, sprint_mu_dis_giant,
          sprint_mu_tartarus_statrot, sprint_mu_cocytus_islands, sprint_mu_zot1]

Skill      XL: |  1  2 |
---------------+-------+-----
Armour         | 5 |  5.7
Fighting       | 5 |  5.4
Maces & Flails | 3 |  3.9
Shields        | 5 6 |  6.0
Dodging        | |  0.5

Action                   || total
-------------------------++-------
Melee: Flail             ||    35
       Headbutt          ||     8
Armor: Scale mail        ||     8
Dodge: Dodged            ||     5
Block: Kite shield       ||    15
